 Dungeon Crawl Stone Soup version 0.24-a0-368-g0e0cebd0f3 (console) character file.

Game seed: 2891364717950046732

9328 Lexodia the Blocker (level 11, -5/90 HPs)
             Began as a Troll Monk on May 29, 2019.
             Was an Elder of Hepliaklqana.
             Killed from afar by an electric eel (14 damage)
             ... with a bolt of electricity
             ... on level 10 of the Dungeon.
             The game lasted 00:24:20 (6905 turns).

Lexodia the Blocker (Troll Monk)                    Turns: 6905, Time: 00:24:22

Health: -5/90      AC:  2    Str: 24    XL:     11   Next: 21%
Magic:  0/14       EV: 10    Int:  6    God:    Hepliaklqana [****..]
Gold:   737        SH: 18    Dex: 12    Spells: 10/10 levels left

rFire    + . .     SeeInvis .     - Unarmed
rCold    . . .     Gourm    +   q - +1 large shield
rNeg     . . .     Faith    .   a - +0 robe
rPois    .         Spirit   +   (helmet restricted)
rElec    .         Reflect  .   h - scarf {Spirit}
rCorr    .         Harm     .   (gloves unavailable)
MR       .....                  (boots unavailable)
Stlth    ++........             (no amulet)
HPRegen  0.65/turn              j - ring of protection from fire
MPRegen  0.14/turn              c - +1 ring of evasion

@: corroded
A: large, unfitting armour, reduced essence, claws 3, fast metabolism 3,
gourmand, regeneration 1, shaggy fur 1, tough skin 3
a: Recall Ancestor, Ancestor Identity, Transference, Idealise, Renounce Religion


You were on level 10 of the Dungeon.
You worshipped Hepliaklqana.
Hepliaklqana was greatly pleased with you.
You were very full.

You visited 1 branch of the dungeon, and saw 10 of its levels.

You collected 842 gold pieces.
You spent 105 gold pieces at shops.

Inventory:

Missiles
 l - a large rock (quivered)
 n - 2 silver boomerangs
 o - 9 boomerangs
 D - 7 curare-tipped darts
Armour
 a - a +0 robe (worn)
 h - a scarf of spirit shield (worn)
 q - a +1 large shield (worn)
Jewellery
 c - a +1 ring of evasion (right claw)
 j - a ring of protection from fire (left claw)
 x - a +2 ring of strength
 y - an uncursed ring of resist corrosion
Wands
 v - a wand of paralysis (10)
 C - a wand of enslavement (9)
Scrolls
 i - a scroll of teleportation
 m - a scroll of fear
 p - 4 scrolls of remove curse
 z - 4 scrolls of magic mapping
Potions
 d - a potion of might
 e - 4 potions of curing
 g - 2 potions of mutation
 k - 2 potions of agility
 s - 3 potions of ambrosia
 t - 2 potions of flight
 u - a potion of haste
 A - a potion of brilliance
 B - a potion of magic
Miscellaneous
 F - a lightning rod (4/4)
Comestibles
 b - 19 rations
 f - 20 chunks of flesh


   Skills:
 - Level 4.0 Fighting
 + Level 6.7 Throwing
 - Level 3.0 Dodging
 - Level 2.0 Stealth
 * Level 8.9 Shields
 + Level 8.7 Unarmed Combat
 + Level 5.8 Invocations
 + Level 1.7 Evocations


You had 10 spell levels left.
You didn't know any spells.
Your spell library was empty.

Dungeon Overview and Level Annotations

Branches:
Dungeon (10/15)            Temple (0/1) D:4            Lair (0/6) D:9
    Orc (0/2) D:10

Altars:
Dithmenos
Elyvilon
Hepliaklqana
Makhleb
Okawaru
Qazlal
Trog
Vehumet
Wu Jian
The Shining One

Shops:
D:7 ?


Innate Abilities, Weirdness & Mutations

You are too large for most types of armour.
You have claws for hands.
Your metabolism is lightning-fast.
You like to eat raw meat.
Your natural rate of healing is unusually fast.
You are covered in fur. (AC +1)
You have extremely tough skin. (AC +3)
Your life essence is reduced to manifest your ancestor. (-10% HP)


Message History

* * * LOW HITPOINT WARNING * * *
The electric eel shoots out a bolt of lightning at you!
The bolt of electricity hits you!
* * * LOW HITPOINT WARNING * * *
Huge Dmg: -15%(-13hp) hp: 10%(9hp)
Okay, then.
You feel better.
The electric eel shoots out a bolt of lightning at you!
The bolt of electricity hits Brendan!
The bolt of electricity misses you.
The electric eel shoots out a bolt of lightning at you!
The bolt of electricity hits you!
* * * LOW HITPOINT WARNING * * *
Damage: -1%(-1hp) hp: 9%(8hp)
You feel better.
The electric eel shoots out a bolt of lightning at you!
The bolt of electricity hits you!
* * * LOW HITPOINT WARNING * * *
The electric eel shoots out a bolt of lightning at you!
The bolt of electricity hits you!
You die...

## .. . .# .. .# .#. ...
.# #.# .>.. .#
#############.###....
.###.#....##...........
.#........##........##..
.#.#......####...)......
##.#............@.).....
.#.#.########≈≈≈†;≈≈≈≈≈≈
.#.#.R......≈≈≈≈≈≈≈≈R≈;≈
.#.####......≈≈≈≈≈≈≈≈≈≈≈
.'...))..)...≈≈≈≈≈≈≈≈≈≈≈
.#.####..÷≈≈≈≈≈≈≈≈≈≈≈≈≈≈
.#....'....≈≈≈≈≈≈≈≈≈≈≈≈≈
##....#......≈≈≈≈≈≈≈≈≈≈≈
....#.#.......≈≈≈≈


You could see the friendly Brendan the battlemage and 2 electric eels.

Vanquished Creatures
  A centaur warrior (D:8)
  A two-headed ogre (D:10)
  A yaktaur (shapeshifter) (D:8)
  A hippogriff (D:10)
  5 yaks
  2 wyverns
  A warg (D:10)
  2 orc warriors
  A phantom (D:10)
  2 ice beasts
  3 porcupines (D:9)
  A black bear (D:9)
  6 ogres
  A centaur (D:8)
  A crocodile (D:9)
  3 bullfrogs
  4 killer bees (D:8)
  2 wights (D:9)
  5 electric eels (D:9)
  A howler monkey (D:9)
  2 crimson imps
  A hound (D:9)
  A quasit (D:9)
  5 orc priests
  4 orc wizards
  3 iguanas
  A battlemage (D:9)
  9 worker ants
  A killer bee zombie (D:9)
  A hound zombie (D:5)
  A hound skeleton (D:4)
  A howler monkey zombie (D:8)
  7 gnolls
  A howler monkey skeleton (D:5)
  3 adders
  2 shadow imps (D:8)
  An adder skeleton (D:5)
  2 worms
  A dart slug (D:1)
  5 leopard geckos
  21 orcs
  3 giant cockroaches
  8 goblins
  3 hobgoblins
  10 kobolds
  3 quokkas
  2 ball pythons
  8 bats
  2 frilled lizards
  A jackal skeleton (D:9)
  A quokka zombie (D:5)
  6 rats
  2 plants (D:9)
166 creatures vanquished.

Vanquished Creatures (collateral kills)
  A wyvern (D:10)
  5 yaks
  A hungry ghost (D:9)
  A warg (D:10)
  A soldier ant (D:10)
  A porcupine (D:9)
  A black bear (D:7)
  3 orc warriors
  A sky beast (D:8)
  A necrophage (D:9)
  An ogre (D:8)
  A centaur (D:6)
  A big kobold (D:8)
  A bullfrog (D:9)
  A scorpion (D:8)
  6 killer bees
  3 wights (D:9)
  3 electric eels
  A howler monkey (D:9)
  A bullfrog zombie (D:6)
  A crimson imp (D:6)
  A quasit (D:9)
  3 orc priests
  4 hounds
  3 jellies
  A centaur skeleton (D:5)
  2 orc wizards (D:10)
  An iguana (D:7)
  A worker ant (D:8)
  A killer bee zombie (D:5)
  A hound skeleton (D:8)
  4 adders
  3 gnolls
  An adder zombie (D:5)
  A leopard gecko (D:9)
  19 orcs
  A ball python (D:4)
  A bat (D:3)
  A giant cockroach (D:3)
  2 goblins (D:9)
  3 hobgoblins
  A quokka (D:6)
  4 kobolds (D:8)
  A leopard gecko skeleton (D:5)
  A quokka zombie (D:5)
  A rat (D:3)
  A plant (D:9)
99 creatures vanquished.

Vanquished Creatures (others)
  10 battlemagi
  An ancestor (D:2)
  A plant (D:4)
12 creatures vanquished.

Grand Total: 277 creatures vanquished

Notes
Turn   | Place    | Note
-------+----------+-------------------------------------------
     0 | D:1      | Lexodia the Troll Monk began the quest for the Orb.
     0 | D:1      | Reached XP level 1. HP: 22/22 MP: 0/0
   207 | D:1      | Reached XP level 2. HP: 24/29 MP: 1/1
   825 | D:2      | Found a hazy altar of Hepliaklqana.
   914 | D:2      | Became a worshipper of Hepliaklqana the Forgotten
   914 | D:2      | Reached * piety under Hepliaklqana
   914 | D:2      | Reached ** piety under Hepliaklqana
  1003 | D:2      | Reached XP level 3. HP: 32/32 MP: 2/2
  1084 | D:2      | Remembered your ancestor Brendan as a battlemage
  1134 | D:2      | Huge Dmg: 7 dmg
  1135 | D:2      | Reached XP level 4. HP: 31/39 MP: 3/3
  1414 | D:3      | Huge Dmg: 11 dmg
  1415 | D:3      | Huge Dmg: 10 dmg
  1745 | D:3      | Found a bloodstained altar of Trog.
  1802 | D:4      | Reached XP level 5. HP: 44/47 MP: 4/4
  1869 | D:4      | Reached skill level 1 in Shields
  1900 | D:4      | Noticed an orc warrior
  1906 | D:4      | Huge Dmg: 13 dmg
  1912 | D:4      | Killed an orc warrior
  1912 | D:4      | Reached skill level 1 in Throwing
  1912 | D:4      | Reached XP level 6. HP: 36/54 MP: 5/5
  2132 | D:4      | Found a staircase to the Ecumenical Temple.
  2196 | D:4      | Reached *** piety under Hepliaklqana
  2268 | D:4      | Reached XP level 7. HP: 58/60 MP: 6/6
  2334 | D:5      | Entered Level 5 of the Dungeon
  2355 | D:5      | Reached skill level 5 in Unarmed Combat
  2415 | D:5      | Reached skill level 1 in Invocations
  2544 | D:5      | Found a white marble altar of Elyvilon.
  2691 | D:5      | Found a white marble altar of Elyvilon.
  2953 | D:6      | Found a burning altar of Makhleb.
  2954 | D:6      | Found a radiant altar of Vehumet.
  3013 | D:6      | Reached XP level 8. HP: 63/70 MP: 8/8
  3031 | D:6      | Found a glowing golden altar of the Shining One.
  3166 | D:6      | Reached **** piety under Hepliaklqana
  3467 | D:7      | Found a stormy altar of Qazlal.
  3513 | D:7      | Found a shadowy altar of Dithmenos.
  3635 | D:7      | Found Pyrohaimn's Magic Scroll Shoppe.
  3668 | D:7      | Bought a scroll of identify for 28 gold pieces
  3668 | D:7      | Bought a scroll of identify for 28 gold pieces
  3668 | D:7      | Bought a scroll of magic mapping for 49 gold pieces
  4148 | D:8      | Reached skill level 5 in Shields
  4152 | D:8      | Reached XP level 9. HP: 47/75 MP: 5/10
  4213 | D:8      | Identified the cursed +3 rapier "Riracodd" {speed, rC++}
  4457 | D:8      | Noticed a yaktaur
  4462 | D:8      | Killed a yaktaur
  4489 | D:8      | Noticed a centaur warrior
  4493 | D:8      | Huge Dmg: 14 dmg
  4500 | D:8      | Huge Dmg: 12 dmg
  4509 | D:8      | Huge Dmg: 10 dmg
  4509 | D:8      | Killed a centaur warrior
  4509 | D:8      | Reached skill level 5 in Throwing
  5067 | D:9      | Huge Dmg: 18 dmg
  5182 | D:9      | Found a staircase to the Lair.
  5194 | D:9      | Huge Dmg: 25 dmg
  5197 | D:9      | Reached XP level 10. HP: 31/82 MP: 12/12
  5205 | D:9      | Huge Dmg: 10 dmg
  5394 | D:9      | Huge Dmg: 21 dmg
  5549 | D:9      | Reached skill level 5 in Invocations
  5560 | D:9      | Found an iron altar of Okawaru.
  5568 | D:9      | Huge Dmg: 11 dmg
  5649 | D:9      | Found an ornate altar of the Wu Jian Council.
  5987 | D:9      | Huge Dmg: 16 dmg
  5988 | D:9      | Huge Dmg: 10 dmg
  6319 | D:10     | Entered Level 10 of the Dungeon
  6370 | D:10     | Found a staircase to the Orcish Mines.
  6506 | D:10     | Noticed a two-headed ogre
  6511 | D:10     | Huge Dmg: 14 dmg
  6512 | D:10     | Huge Dmg: 29 dmg
  6530 | D:10     | Huge Dmg: 13 dmg
  6537 | D:10     | Huge Dmg: 6 dmg
  6543 | D:10     | Huge Dmg: 7 dmg
  6545 | D:10     | Huge Dmg: 12 dmg
  6551 | D:10     | Huge Dmg: 14 dmg
  6566 | D:10     | Huge Dmg: 7 dmg
  6637 | D:10     | Reached skill level 1 in Evocations
  6677 | D:10     | Reached XP level 11. HP: 86/90 MP: 12/14
  6786 | D:10     | Reached ***** piety under Hepliaklqana
  6832 | D:10     | Killed a two-headed ogre
  6895 | D:10     | Huge Dmg: 14 dmg
  6900 | D:10     | Huge Dmg: 12 dmg
  6902 | D:10     | Huge Dmg: 9 dmg
  6904 | D:10     | Huge Dmg: 13 dmg
  6905 | D:10     | Killed from afar by an electric eel

Levels and vault maps discovered:
D:1:      minmay_arrival_nine_rooms, layout_loops_ring, minmay_fountain_box,
          serial_bayou_lagoon_a, minmay_misc_feat_iff, minmay_quantized
D:2:      layout_basic, lemuel_coloured_pillars_altar, lemuel_doored_altar,
          minmay_misc_feat_diagonals, grunt_ministairs_11
D:3:      layout_rooms, marbit_many_paths
D:4:      layout_cave_pools, minmay_temple_entry_gardened_gates, first_ration,
          minmay_liquid_box
D:5:      layout_rooms, elyvilon_altar_4, basic_altar, serial_undead,
          serial_undead_b, serial_undead_d, serial_undead_f, serial_undead_e,
          kennysheep_nondescript
D:6:      layout_basic, grunt_temple_overflow_lords_of_destruction,
          nicolae_tso_carved_into_rock
D:7:      layout_loops_ring, nicolae_overflow_crystal_walls, kennysheep_mini,
          serial_shops, shop
D:8:      layout_basic, kennysheep_vampire_church, wad_mini_maze, uniq_maurice
D:9:      layout_basic, kennysheep_okawaru_gauntlet, lemuel_crystal_altar,
          due_lair_maze_entry_diamond
D:10:     layout_basic, erik_orc_3

Skill      XL: |  1  2  3  4  5  6  7  8  9 10 |
---------------+-------------------------------+-----
Dodging        | 3 |  3.0
Unarmed Combat | 4 5 6 7 8 |  8.7
Fighting       | 3 4 |  4.0
Shields        | 1 2 3 5 7 8 |  8.9
Throwing       | 1 2 3 5 6 |  6.7
Stealth        | 2 |  2.0
Invocations    | 1 3 4 5 |  5.8
Evocations     | 1 |  1.7

Action                   |  1- 3 |  4- 6 |  7- 9 | 10-12 || total
-------------------------+-------+-------+-------+-------++-------
Melee: Unarmed           |    76 |    79 |   214 |   178 ||   547
Throw: Large rock        |       |       |       |    10 ||    10
       Boomerang         |       |       |       |     4 ||     4
Invok: Ancestor Identity |     1 |       |       |       ||     1
       Ancestor Life: Ba |     1 |       |       |       ||     1
       Idealise          |       |       |     1 |     1 ||     2
Evoke: Wand              |       |       |       |     6 ||     6
  Use: Scroll            |       |       |    10 |    13 ||    23
       Potion            |       |       |       |     4 ||     4
 Stab: Sleeping          |     1 |     2 |     5 |     1 ||     9
       Distracted        |       |       |     1 |     2 ||     3
  Eat: Chunk             |    16 |    10 |    23 |    23 ||    72
Armor: Robe              |    28 |    14 |    41 |    18 ||   101
Dodge: Dodged            |    44 |    22 |    44 |    39 ||   149
Block: Large shield      |       |    25 |   162 |   130 ||   317

Table legend:
 A = Non-vault XP
 B = Vault XP
 C = Vault XP percentage of total XP
 D = Non-vault monster count
 E = Vault monster count
 F = Vault count percentage of total count
                 A         B        C        D         E       F
            +---------+---------+-------+---------+---------+-------
      Total |    9811 |    3515 |  26.4 |     215 |      46 |  17.6
            +---------+---------+-------+---------+---------+-------
        D:1 |      19 |      13 |  40.6 |      13 |       7 |  35.0
        D:2 |      63 |       6 |   8.7 |      15 |       2 |  11.8
        D:3 |      49 |       1 |   2.0 |       9 |       1 |  10.0
        D:4 |     692 |       0 |   0.0 |      27 |       0 |   0.0
        D:5 |     214 |     104 |  32.7 |      12 |       7 |  36.8
        D:6 |     368 |      46 |  11.1 |      14 |       1 |   6.7
        D:7 |     499 |       0 |   0.0 |      11 |       0 |   0.0
        D:8 |    1533 |    1322 |  46.3 |      38 |       3 |   7.3
        D:9 |    2760 |    1425 |  34.1 |      36 |      12 |  25.0
       D:10 |    3614 |     598 |  14.2 |      40 |      13 |  24.5
            +---------+---------+-------+---------+---------+-------
